 Dungeon Crawl Stone Soup version 0.23.2-33-g5129a83184 (webtiles) character file.

Game seed: 4558009376004561498

91 Gwenloh the Grasshopper (level 4, -2/38 HPs)
             Began as a Gnoll Warper on July 17, 2019.
             Killed from afar by Natasha (8 damage)
             ... with a magic dart
             ... on level 1 of the Dungeon.
             The game lasted 00:06:40 (1654 turns).

Gwenloh the Grasshopper (Gnoll Warper)              Turns: 1654, Time: 00:06:40

Health: -2/38      AC:  3    Str: 13    XL:     4   Next: 59%
Magic:  5/11       EV: 14    Int: 17    God:
Gold:   24         SH:  0    Dex: 14    Spells: 6/13 levels left

rFire    . . .     SeeInvis .   a - +0 spear
rCold    . . .     Gourm    .   (no shield)
rNeg     . . .     Faith    .   b - +0 leather armour
rPois    .         Spirit   .   i - +0 hat
rElec    .         Reflect  .   (no cloak)
rCorr    .         Harm     .   (no gloves)
MR       .....                  (no boots)
Stlth    +.........             (no amulet)
HPRegen  0.12/turn              (no ring)
MPRegen  0.12/turn              (no ring)

@: flying, very slightly contaminated
A: distributed training, fangs 1, strong nose
a: no special abilities


You were on level 1 of the Dungeon.
You were not hungry.

You visited 1 branch of the dungeon, and saw 2 of its levels.

You collected 24 gold pieces.

Inventory:

Hand Weapons
 a - a +0 spear (weapon)
Missiles
 e - 5 tomahawks of dispersal
 g - 2 needles of confusion
 l - 17 stones (quivered)
Armour
 b - a +0 leather armour (worn)
 i - a +0 hat (worn)
Scrolls
 d - a scroll of blinking
 h - a scroll of remove curse {unknown}
 k - a scroll of teleportation {unknown}
Potions
 c - a potion of curing {unknown}
 j - a potion of ambrosia
Comestibles
 f - 2 rations
 n - a chunk of flesh


   Skills:
 + Level 4.6 Fighting
 + Level 1.1 Short Blades
 + Level 1.1 Long Blades
 + Level 1.1 Axes
 + Level 1.1 Maces & Flails
 + Level 4.6 Polearms
 + Level 1.1 Staves
 + Level 1.1 Slings
 + Level 1.1 Bows
 + Level 1.1 Crossbows
 + Level 2.7 Throwing
 + Level 2.7 Armour
 + Level 4.6 Dodging
 + Level 1.1 Stealth
 + Level 1.1 Shields
 + Level 1.1 Unarmed Combat
 + Level 5.1 Spellcasting
 + Level 0.9 Conjurations
 + Level 0.9 Hexes
 + Level 0.9 Charms
 + Level 0.9 Summonings
 + Level 0.9 Necromancy
 + Level 5.4 Translocations
 + Level 0.9 Transmutations
 + Level 0.9 Fire Magic
 + Level 0.9 Ice Magic
 + Level 0.9 Air Magic
 + Level 0.9 Earth Magic
 + Level 0.9 Poison Magic
 + Level 1.2 Invocations
 + Level 1.1 Evocations


You had 6 spell levels left.
You knew the following spells:

 Your Spells              Type           Power        Failure   Level  Hunger
a - Shroud of Golubria    Chrm/Tloc      ###.......   8%          2    #......
b - Blink                 Tloc           N/A          2%          2    #......
c - Gell's Gravitas       Tloc           ###.......   5%          3    ###....

Your spell library contained the following spells:

 Spells                   Type           Power        Failure   Level  Hunger
 Lesser Beckoning         Tloc           ###.......   5%          3    ###....
 Teleport Other           Tloc           ###.....     5%          3    ###....
 Passage of Golubria      Tloc           N/A          19%         4    ####...


Dungeon Overview and Level Annotations

Branches:
Dungeon (2/15)

Altars:

Annotations:
D:1 Natasha
D:2 Jessica


Innate Abilities, Weirdness & Mutations

Your experience applies equally to all skills.
You have very sharp teeth.
Your uncanny sense of smell can sniff out nearby items.


Message History

Natasha is lightly wounded.
The white imp hits you but does no damage.
You completely miss Natasha.
Natasha is lightly wounded.
Natasha barely misses you.
The white imp hits you but does no damage.
You hit Natasha but do no damage.
Natasha is lightly wounded.
Natasha claws you!
* * * LOW HITPOINT WARNING * * *
Your shroud falls apart!
The white imp gestures at you. The puff of frost hits you.
* * * LOW HITPOINT WARNING * * *
It was a potion of flight.
You feel very buoyant.
You fly up into the air.
Natasha stares at you and mumbles some strange words.
The magic dart hits you!
You die...

........##########.# #.#
### ........# #)# ##.# #
........###### #.# ###..#
...........(.### #.#
#...########
........####...#
#.###.###.......
........#
###.###.#(.(....######
........#
#..##(..##.###...###
######### ##รท5h..#...#
#...... ##@...#.###
#...### #.#..#.# #######
########......#### #..
#.....(..##......## ##.#
#.....#.####..##..####..#
#.......# ##)###.##.)..>
#.....### #.###..[.#.##
#.....# #..####..#.##
#.....# ##..# #....##


You could see Natasha and a white imp.

Vanquished Creatures
  Natasha (twice) (D:1)
  An adder (D:2)
  A dart slug (D:1)
  A leopard gecko (D:1)
  A giant cockroach (D:1)
  8 goblins (D:1)
  2 hobgoblins (D:1)
  A quokka (D:1)
  4 bats (D:1)
  A frilled lizard (D:1)
  7 kobolds (D:1)
  2 rats (D:1)
31 creatures vanquished.

Notes
Turn   | Place    | Note
-------+----------+-------------------------------------------
     0 | D:1      | Gwenloh the Gnoll Warper began the quest for the Orb.
     0 | D:1      | Reached XP level 1. HP: 20/20 MP: 6/6
    97 | D:1      | Reached XP level 2. HP: 26/26 MP: 7/7
   103 | D:1      | Learned a level 2 spell: Shroud of Golubria
   106 | D:1      | Learned a level 2 spell: Blink
   441 | D:1      | Reached XP level 3. HP: 30/31 MP: 9/9
   580 | D:1      | Reached skill level 5 in Spellcasting
  1009 | D:1      | Learned a level 3 spell: Gell's Gravitas
  1055 | D:2      | Reached skill level 1 in Invocations
  1249 | D:2      | Noticed Jessica
  1249 | D:2      | Noticed Natasha
  1266 | D:1      | Killed Natasha
  1266 | D:1      | Reached skill level 1 in Short Blades
  1266 | D:1      | Reached skill level 1 in Long Blades
  1266 | D:1      | Reached skill level 1 in Axes
  1266 | D:1      | Reached skill level 1 in Maces & Flails
  1266 | D:1      | Reached skill level 1 in Staves
  1266 | D:1      | Reached skill level 1 in Slings
  1266 | D:1      | Reached skill level 1 in Bows
  1266 | D:1      | Reached skill level 1 in Crossbows
  1266 | D:1      | Reached skill level 1 in Stealth
  1266 | D:1      | Reached skill level 1 in Shields
  1266 | D:1      | Reached skill level 1 in Unarmed Combat
  1266 | D:1      | Reached skill level 1 in Evocations
  1266 | D:1      | Reached XP level 4. HP: 7/38 MP: 8/11
  1533 | D:1      | Noticed Natasha
  1542 | D:1      | Killed Natasha
  1640 | D:1      | Noticed Natasha
  1654 | D:1      | Killed from afar by Natasha

Skill      XL: |  1  2  3 |
---------------+----------+-----
Spellcasting   | 5 |  5.1
Invocations    | 1 |  1.2
Short Blades   | 1 |  1.1
Long Blades    | 1 |  1.1
Axes           | 1 |  1.1
Maces & Flails | 1 |  1.1
Staves         | 1 |  1.1
Slings         | 1 |  1.1
Bows           | 1 |  1.1
Crossbows      | 1 |  1.1
Stealth        | 1 |  1.1
Shields        | 1 |  1.1
Unarmed Combat | 1 |  1.1
Evocations     | 1 |  1.1
Fighting       | |  4.6
Polearms       | |  4.6
Throwing       | |  2.7
Armour         | |  2.7
Dodging        | |  4.6
Conjurations   | |  0.9
Hexes          | |  0.9
Charms         | |  0.9
Summonings     | |  0.9
Necromancy     | |  0.9
Translocations | |  5.4
Transmutations | |  0.9
Fire Magic     | |  0.9
Ice Magic      | |  0.9
Air Magic      | |  0.9
Earth Magic    | |  0.9
Poison Magic   | |  0.9

Action                   |  1- 3 |  4- 6 || total
-------------------------+-------+-------++-------
Melee: Spear             |   123 |    12 ||   135
       Bite              |    10 |     1 ||    11
Throw: Stone             |       |     3 ||     3
 Cast: Blink             |     2 |       ||     2
       Shroud of Golubri |     1 |     1 ||     2
       Gell's Gravitas   |       |     1 ||     1
  Use: Scroll            |     3 |       ||     3
       Potion            |       |     1 ||     1
  Eat: Ration            |       |     1 ||     1
Armor: Leather armour    |    13 |     4 ||    17
Dodge: Dodged            |    64 |     8 ||    72
